AoeStats
← 放羊老汉

African Clearing

510583355Analyzed
4v4 RM · 19h ago on Oct 1, 2026· 56m 46s· 8 players
Game mode
Random Map
Map size
Large (8 player)
Population
200
Speed
Normal
Resources
Standard
Victory
Conquest
Starting age
Dark Age
Ending age
Imperial Age
RankedLock teamsTeams togetherTeam positionsShared explorationLock speedFull tech treeHidden civsTurbo modeCheats
Victory
Defeat
🇭🇰 Saxons · Hong Kong SAR China
1261
+11
🇰🇬 Huns · Kyrgyzstan
1201
+14
🇫🇷 Franks · France
1192
+14
🇮🇳 Varangians · India
1157
+16
🇦🇷 Hindustanis · Argentina
1254
-17
🇨🇱 Magyars · Chile
1172
-15
🇦🇷 Huns · Argentina
1129
-13
🇨🇱 Berbers · Chile
1047
-10
Alexiỗs
3:59 Loom
12:44 Feudal Age
13:35 Double-Bit Axe
22:56 Castle Age
21:15 Fletching
21:25 Padded Archer Armor
27:45 Bodkin Arrow
28:54 Husbandry
30:04 Leather Archer Armor
32:58 Bow Saw
37:31 Ballistics
41:18 Scale Barding Armor
41:23 Forging
42:47 Wheelbarrow
41:58 Town Watch
45:24 Imperial Age
44:26 Hand Cart
44:57 Stone Mining
44:58 Gold Mining
45:30 Heavy Mounted Crossbowman
47:19 Chemistry
46:08 Cranequins
46:25 Ordonnance Companies
48:50 Conscription
49:08 Town Patrol
50:24 Iron Casting
49:49 Scale Mail Armor
50:54 Masonry
50:43 Pikeman
51:23 Squires
52:27 Blast Furnace
51:13 Cavalier
52:17 Chain Mail Armor
53:36 Halberdier
54:53 Plate Mail Armor
54:51 Paladin
Te0n
7:30 Loom
14:32 Feudal Age
16:37 Forging
16:33 Scale Barding Armor
16:17 Double-Bit Axe
18:41 Bloodlines
18:28 Horse Collar
22:15 Castle Age
20:36 Gold Mining
22:37 Stone Mining
24:37 Gold Shaft Mining
25:19 Bow Saw
25:17 Husbandry
32:17 Fletching
33:04 Iron Casting
34:16 Bodkin Arrow
35:18 Heavy Plow
36:43 Wheelbarrow
38:22 Ballistics
38:13 Masonry
38:39 Hand Cart
41:53 Imperial Age
39:43 Marauders
40:27 Chain Barding Armor
42:09 Town Watch
42:24 Murder Holes
42:05 Elite Tarkan
43:06 Conscription
43:53 Blast Furnace
43:28 Plate Barding Armor
45:39 Chemistry
44:14 Light Cavalry
47:16 Bracer
58:16 Two-Man Saw
放羊老汉
4:21 Loom
13:35 Feudal Age
14:26 Double-Bit Axe
14:26 Horse Collar
21:36 Castle Age
25:21 Gold Mining
25:44 Bow Saw
25:36 Heavy Plow
29:27 Thumb Ring
29:35 Stone Mining
32:23 Ballistics
37:06 Imperial Age
34:43 Fletching
34:54 Padded Archer Armor
36:03 Bodkin Arrow
36:08 Padded Archer Armor
36:58 Gold Shaft Mining
41:15 Town Watch
42:06 Wheelbarrow
42:33 Two-Man Saw
46:24 Heavy Mounted Crossbowman
46:53 Cranequins
48:24 Bracer
48:40 Leather Archer Armor
52:44 Chemistry
52:27 Hand Cart
53:26 Conscription
54:57 Leather Archer Armor
54:53 Forging
54:48 Scale Barding Armor
suny619
4:57 Loom
18:11 Feudal Age
19:34 Double-Bit Axe
19:56 Scale Barding Armor
20:02 Forging
20:05 Bloodlines
22:36 Castle Age
28:00 Town Watch
30:33 Wheelbarrow
32:26 Hand Cart
32:37 Fletching
41:47 Bodkin Arrow
47:27 Imperial Age
45:27 Bow Saw
44:52 Light Cavalry
47:33 Husbandry
48:00 Town Patrol
48:46 Conscription
52:29 Elite Jarl
54:28 Chain Barding Armor
54:43 Iron Casting
54:09 Bracer
55:56 Plate Barding Armor
55:22 Padded Archer Armor
KEVINLUCIANO631
4:28 Loom
13:54 Feudal Age
14:46 Double-Bit Axe
20:26 Castle Age
36:30 Fletching
36:37 Stone Mining
36:37 Gold Mining
37:43 Kasbah
38:56 Scale Barding Armor
41:13 Masonry
45:30 Imperial Age
45:31 Light Cavalry
47:01 Bodkin Arrow
47:28 Chain Barding Armor
48:59 Ballistics
50:17 Chemistry
49:52 Bow Saw
51:12 Bracer
EL TOPO YIYO
5:19 Loom
12:24 Feudal Age
15:34 Scale Barding Armor
15:42 Forging
16:57 Bloodlines
23:22 Wheelbarrow
22:36 Double-Bit Axe
27:18 Castle Age
28:26 Chain Barding Armor
28:03 Horse Collar
29:45 Gold Mining
37:26 Iron Casting
38:40 Scale Mail Armor
41:05 Chain Mail Armor
48:42 Imperial Age
49:16 Husbandry
49:30 Heavy Camel Rider
50:47 Plate Barding Armor
51:24 Blast Furnace
52:12 Gold Shaft Mining
52:10 Imperial Camel Rider
PedroAOE
10:14 Loom
13:23 Feudal Age
26:19 Wheelbarrow
25:30 Double-Bit Axe
25:26 Horse Collar
26:41 Town Watch
29:39 Castle Age
37:42 Fletching
43:24 Gold Mining
51:19 Bow Saw
52:34 Heavy Plow
Bienjamming
4:33 Loom
15:30 Feudal Age
16:16 Double-Bit Axe
21:20 Castle Age
19:51 Bloodlines
20:04 Gold Mining
22:02 Fletching
22:25 Bow Saw
22:52 Gold Shaft Mining
25:32 Husbandry
25:41 Padded Archer Armor
27:57 Ballistics
27:49 Light Cavalry
29:18 Bodkin Arrow
29:08 Horse Collar
29:56 Corvinian Army
30:44 Thumb Ring
35:13 Town Watch
35:38 Scale Barding Armor
37:32 Chain Barding Armor
45:11 Leather Archer Armor
47:28 Masonry
51:40 Wheelbarrow
Connection lost

Rejoining the realm…

Still unreachable

The connection could not be restored.

Session expired

The server has moved on; the page needs a fresh start.